 Dungeon Crawl Stone Soup version 0.19.3 (webtiles) character file.

1248 neverEnough the Agent of Entropy (level 8, 0/63 HPs)
             Began as a Demonspawn Abyssal Knight on Jan 23, 2017.
             Was a Priest of Lugonu.
             Killed by divine providence
             ... invoked by an orc priest
              (15 damage)
             ... on level 6 of the Dungeon.
             The game lasted 00:21:31 (5474 turns).

neverEnough the Agent of Entropy (DsAK)             Turns: 5474, Time: 00:21:32

Health: 0/63       AC:  6    Str: 18    XL:     8   Next: 26%
Magic:  10/12      EV: 14    Int: 16    God:    Lugonu [***...]
Gold:   203        SH:  0    Dex: 15    Spells: 0 memorised, 7 levels left

rFire  . . .     SeeInvis .     f - +1 falchion
rCold  . . .     Gourm    .     b - +0 leather armour
rNeg   . . .     Faith    .     (no shield)
rPois  .         Spirit   .     y - +0 helmet
rElec  .         Reflect  .     D - +0 cloak
rCorr  .         Harm     .     (no gloves)
MR     .....                    q - +0 pair of boots
Stlth  ++........               (no amulet)
                                v - +5 ring of strength
                                e - +3 ring of dexterity

@: no status effects
A: hooves 1, sturdy frame 3
a: Depart the Abyss, Bend Space, Banish, Renounce Religion


You were on level 6 of the Dungeon.
You worshipped Lugonu.
Lugonu was most pleased with you.
You were not hungry.

You visited 2 branches of the dungeon, and saw 7 of its levels.
You visited the Abyss 1 time.

You collected 261 gold pieces.
You spent 58 gold pieces at shops.

Inventory:

Hand Weapons
 a - a +0 dagger
 f - a +1 falchion (weapon)
 w - a +0 hunting sling
 E - a +0 shortbow
Missiles
 l - 72 sling bullets
 o - 105 stones (quivered)
 B - 52 arrows
Armour
 b - a +0 leather armour (worn)
 q - a +0 pair of boots (worn)
 y - a +0 helmet (worn)
 D - a +0 cloak (worn)
Jewellery
 d - an uncursed ring of fire
 e - a +3 ring of dexterity (left hand)
 s - an uncursed ring of magical power {unknown}
 v - a +5 ring of strength (right hand)
 x - an uncursed amulet of faith {unknown}
 K - an uncursed ring of wizardry {unknown}
Wands
 g - a wand of flame (8/48)
 n - a wand of flame (19/48)
Scrolls
 h - 2 scrolls of fog
 i - a scroll of recharging
 m - a scroll of magic mapping {unknown}
 p - a scroll of blinking
 r - a scroll of enchant weapon {unknown}
 u - a scroll of enchant armour {unknown}
 F - 2 scrolls of remove curse {unknown}
 G - a scroll of fear {unknown}
Potions
 j - a potion of ambrosia
 k - a potion of flight
 z - a potion of might
 A - a potion of haste {unknown}
 C - a potion of curing
 H - a potion of lignification {unknown}
Comestibles
 c - 8 bread rations
 t - a beef jerky
 I - 3 chunks of flesh


   Skills:
 + Level 5.4 Fighting
 + Level 4.4 Long Blades
 - Level 1.7 Armour
 + Level 4.1 Dodging
 + Level 3.9 Stealth
 + Level 6.2 Invocations


You had 7 spell levels left.
You didn't know any spells.

Dungeon Overview and Level Annotations

Branches:
Dungeon (6/15)             Temple (1/1) D:6

Altars:
Elyvilon
Okawaru
Sif Muna
Trog
Vehumet
Zin
The Shining One

Shops:
D:5 *

Annotations:
D:4 Sigmund
D:5 Dowan, Duvessa, Edmund


Innate Abilities, Weirdness & Mutations

You have large cloven feet.
Your movements are significantly less encumbered by armour. (ER -6)


Message History

The orc priest mumbles some strange prayers to Beogh against you.
Beogh smites you!
You completely miss the orc wizard.
The orc wizard is moderately wounded.
The orc wizard misses you.
You riposte.
You barely miss the orc wizard.
The orc wizard is moderately wounded.
The orc priest calls upon Beogh to heal the orc wizard.
The orc wizard's wounds heal themselves!
The orc wizard hits you with a dagger.
It was a potion of curing.
You feel better. The orc wizard closely misses you.
The orc priest begins to cast a cantrip, but forgets the words!
Space bends around you!
You blink.
Space bends sharply around you!
The orc wizard blinks!
You blink.
The orc priest calls down the wrath of Beogh upon you.
Beogh smites you!
* * * LOW HITPOINT WARNING * * *
Found a scroll labeled CAPPUE BESTREXI.
The orc priest calls down the wrath of Beogh upon you.
Beogh smites you!
You die...

...# ##.## #...## .....##
......#### .._........ #
......##### .#
.....##.#############.###
#...##....)...>.@..........
##.##...####.(............
#.......###..(............
######.###...#.o...#o.?..#
#..#....#.###§#.###.# ###.
#$.....)#.o.§.#.....#.....
#....#..%.†#.....#.....#
#....#(###†#.###.#.###.#
#.....#.....#.....#.....#


You could see an orc priest and an orc wizard.

Vanquished Creatures
  An ogre (D:6)
  A centaur (D:6)
  2 bullfrogs
  A scorpion (D:4)
  A howler monkey (D:5)
  2 hounds (D:5)
  2 jellies
  An orc wizard (D:6)
  Ijyb (D:2)
  Natasha (D:3)
  4 worker ants
  A worker ant zombie (D:5)
  Robin (D:3)
  13 adders
  2 shadow imps (D:5)
  6 dart slugs
  4 leopard geckos
  3 orcs
  10 bats
  5 giant cockroaches
  13 goblins
  8 hobgoblins
  24 jackals
  5 quokkas
  A ball python skeleton (D:5)
  12 frilled lizards
  10 kobolds
  A leopard gecko skeleton (D:4)
  2 leopard gecko zombies (D:6)
  4 rats
142 creatures vanquished.

Vanquished Creatures (others)
  An unseen horror (D:6)
  An orc warrior (D:6)
2 creatures vanquished.

Grand Total: 144 creatures vanquished

Notes
Turn   | Place    | Note
-------+----------+-------------------------------------------
     0 | Abyss:1  | neverEnough the Demonspawn Abyssal Knight began the quest for the Orb.
     0 | Abyss:1  | Reached XP level 1. HP: 18/18 MP: 2/2
    43 | Abyss:1  | Noticed a raiju
    65 | D:1      | Escaped the Abyss
   319 | D:1      | Reached skill level 1 in Dodging
   414 | D:1      | Gained mutation: Your movements are slightly less encumbered by armour. (ER -2) [demonic ancestry]
   414 | D:1      | Reached XP level 2. HP: 18/24 MP: 3/3
   520 | D:1      | Reached skill level 1 in Stealth
   643 | D:1      | Reached * piety under Lugonu
   829 | D:1      | Gained mutation: Your movements are less encumbered by armour. (ER -4) [demonic ancestry]
   829 | D:1      | Reached XP level 3. HP: 29/29 MP: 5/5
  1178 | D:2      | Reached skill level 3 in Invocations
  1329 | D:2      | Found a bloodstained altar of Trog.
  1399 | D:2      | Reached ** piety under Lugonu
  1402 | D:2      | Reached XP level 4. HP: 21/35 MP: 6/6
  2035 | D:2      | Noticed Ijyb
  2073 | D:2      | Killed Ijyb
  2249 | D:2      | Gained mutation: You have large cloven feet. [demonic ancestry]
  2249 | D:2      | Reached XP level 5. HP: 41/41 MP: 7/7
  2451 | D:3      | Noticed Robin
  2478 | D:3      | Reached *** piety under Lugonu
  2672 | D:3      | Killed Robin
  3097 | D:3      | Noticed Natasha
  3105 | D:3      | Killed Natasha
  3105 | D:3      | Reached skill level 4 in Invocations
  3168 | D:3      | Found a glowing golden altar of the Shining One.
  3452 | D:4      | Reached XP level 6. HP: 17/48 MP: 9/9
  3879 | D:4      | Noticed Sigmund
  4073 | D:5      | Entered Level 5 of the Dungeon
  4241 | D:5      | Found Kisuat's Assorted Antiques.
  4253 | D:5      | Bought a scroll of identify for 58 gold pieces
  4265 | D:5      | Found a white marble altar of Elyvilon.
  4285 | D:5      | Found an iron altar of Okawaru.
  4409 | D:5      | Noticed Edmund
  4650 | D:5      | Noticed Dowan
  4658 | D:5      | Noticed Duvessa
  4720 | D:5      | Reached XP level 7. HP: 55/55 MP: 10/10
  4932 | D:6      | Found a radiant altar of Vehumet.
  4974 | D:6      | Found a staircase to the Ecumenical Temple.
  4988 | D:6      | Reached skill level 5 in Invocations
  5033 | D:6      | Reached **** piety under Lugonu
  5034 | D:6      | Banished an unseen horror
  5034 | D:6      | Reached skill level 5 in Fighting
  5036 | D:6      | Gained mutation: Your movements are significantly less encumbered by armour. (ER -6) [demonic ancestry]
  5036 | D:6      | Reached XP level 8. HP: 54/62 MP: 6/12
  5146 | Temple   | Entered the Ecumenical Temple
  5390 | D:6      | Reached skill level 6 in Invocations
  5474 | D:6      | Killed from afar by an orc priest

Skill      XL: |  1  2  3  4  5  6  7  8 |
---------------+-------------------------+-----
Dodging        | 1 2 3 4 |  4.1
Stealth        | 1 2 3 |  3.9
Long Blades    | 2 3 4 |  4.4
Invocations    | 3 4 5 6 |  6.2
Fighting       | 4 5 |  5.4
Armour         | |  1.7

Action                   |  1- 3 |  4- 6 |  7- 9 || total
-------------------------+-------+-------+-------++-------
Melee: Falchion          |   106 |   232 |    94 ||   432
       Dagger            |     1 |     2 |       ||     3
       Kick              |       |     4 |       ||     4
 Fire: Hunting sling     |       |    45 |     5 ||    50
Invok: Depart the Abyss  |     1 |       |       ||     1
       Banish            |       |       |     2 ||     2
       Bend Space        |       |       |     2 ||     2
Evoke: Wand              |       |     2 |     2 ||     4
  Use: Scroll            |       |     8 |     1 ||     9
       Potion            |       |     3 |     4 ||     7
 Stab: Sleeping          |     3 |     3 |     1 ||     7
  Eat: Chunk             |     2 |     9 |     2 ||    13
       Royal jelly       |       |     1 |       ||     1
       Meat ration       |       |       |     1 ||     1
Armor: Leather armour    |    48 |    62 |    30 ||   140
Dodge: Dodged            |    88 |   200 |    94 ||   382
       Rpst.: Falchion   |    39 |    66 |    29 ||   134
